MWL (24 & UNDER)
MANHATTEN MEATHEADS @ MINNESOTA DEATH STARS
04/05/2027
 
TOP OF THE 1ST
Manhatten Meatheads batting - Pitching for Minnesota Death Stars : LHP Wessel Timmermans
Pitching: LHP Wessel Timmermans
Batting: SHB Cornell Payne 0-0: Fly out, F4 (Popup, 34D)
Batting: RHB Denver Baker 0-0: Ball
1-0: Ball
2-0: SINGLE (Groundball, 4MD)
Batting: LHB Juan Hernández 0-0: Called Strike
0-1: Ball
Passed Ball!
Denver Baker to second
1-1: Ball
2-1: Foul Ball, location: 2F
2-2: Foul Ball, location: 2F
2-2: Strikes out swinging
Batting: RHB Adrián López 0-0: Called Strike
0-1: Ball
1-1: Swinging Strike
1-2: SINGLE (Flyball, 78S)
Denver Baker to third
Runner from 3rd tries for Home, throw and OUT!
Top of the 1st over - 0 run(s), 2 hit(s), 0 error(s), 1 left on base; Manhatten 0 - Minnesota 0
BOTTOM OF THE 1ST
Minnesota Death Stars batting - Pitching for Manhatten Meatheads : RHP Tom Cunningham
Pitching: RHP Tom Cunningham
Batting: LHB Emílio Montoya 0-0: Ball
1-0: Ball
2-0: Swinging Strike
2-1: Foul Ball, location: 2F
2-2: Ball
3-2: Strikes out swinging
Batting: SHB Jason Mason 0-0: Reached on error, E4 (Groundball, 4)
Batting: RHB Gabriel Ángel 0-0: Ball
1-0: Ball
2-0: Swinging Strike
2-1: Foul Ball, location: 2F
2-2: Ball
3-2: Base on Balls
Jason Mason to second
Batting: RHB Mario Solís 0-0: Called Strike
0-1: Ball
1-1: Swinging Strike
1-2: Ball
2-2: Strikes out swinging
Batting: LHB Sergio Luna 0-0: Ball
1-0: Swinging Strike
1-1: Ball
2-1: Ball
3-1: Swinging Strike
3-2: Strikes out swinging
Bottom of the 1st over - 0 run(s), 0 hit(s), 1 error(s), 2 left on base; Manhatten 0 - Minnesota 0
TOP OF THE 2ND
Manhatten Meatheads batting - Pitching for Minnesota Death Stars : LHP Wessel Timmermans
Batting: LHB Robbie Turner 0-0: Called Strike
0-1: Foul Ball, location: 2F
0-2: Ball
1-2: Strikes out swinging
Batting: RHB Craig Chapman 0-0: Ball
1-0: SINGLE (Groundball, 6MD)
Batting: RHB Ramiro Santana 0-0: Foul Ball, location: 2F
0-1: SINGLE (Groundball, 4MD)
Craig Chapman to second
Batting: SHB António Ramírez 0-0: Ball
1-0: Called Strike
1-1: Swinging Strike
1-2: Foul Ball, location: 2F
1-2: Ball
2-2: Grounds into double play, 6-4-3 (Groundball, 6)
Top of the 2nd over - 0 run(s), 2 hit(s), 0 error(s), 1 left on base; Manhatten 0 - Minnesota 0
BOTTOM OF THE 2ND
Minnesota Death Stars batting - Pitching for Manhatten Meatheads : RHP Tom Cunningham
Batting: RHB Huub Stolk 0-0: Ball
1-0: Ball
2-0: Ground out 4-3 (Groundball, 4)
Batting: RHB Raúl Flores 0-0: Called Strike
0-1: Foul Ball, location: 2F
0-2: Ball
1-2: Ground out 4-3 (Groundball, 34)
Batting: RHB Mike Wagner 0-0: Called Strike
0-1: Ball
1-1: Ground out U3 (Groundball, 34S)
Bottom of the 2nd over - 0 run(s), 0 hit(s), 0 error(s), 0 left on base; Manhatten 0 - Minnesota 0
TOP OF THE 3RD
Manhatten Meatheads batting - Pitching for Minnesota Death Stars : LHP Wessel Timmermans
Batting: LHB Miguel Pérez 0-0: Ground out 6-3 (Groundball, 6)
Batting: SHB Cornell Payne 0-0: Foul Ball, location: 2F
0-1: Ball
1-1: Called Strike
1-2: Ground out 5-3 (Groundball, 56)
Batting: RHB Denver Baker 0-0: Called Strike
0-1: Fly out, F9 (Line Drive, 89S)
Top of the 3rd over - 0 run(s), 0 hit(s), 0 error(s), 0 left on base; Manhatten 0 - Minnesota 0
BOTTOM OF THE 3RD
Minnesota Death Stars batting - Pitching for Manhatten Meatheads : RHP Tom Cunningham
Batting: RHB Octávio Ramos 0-0: Called Strike
0-1: Ground out 6-3 (Groundball, 6)
Batting: LHB Emílio Montoya 0-0: Called Strike
0-1: Called Strike
0-2: Ball
1-2: Fly out, F8 (Flyball, 8RD)
Batting: SHB Jason Mason 0-0: Called Strike
0-1: Ball
1-1: Reached via error on a dropped throw, E3
Batting: RHB Gabriel Ángel 0-0: Called Strike
0-1: Foul Ball, location: 2F
0-2: Strikes out looking
Bottom of the 3rd over - 0 run(s), 0 hit(s), 1 error(s), 1 left on base; Manhatten 0 - Minnesota 0
TOP OF THE 4TH
Manhatten Meatheads batting - Pitching for Minnesota Death Stars : LHP Wessel Timmermans
Batting: LHB Juan Hernández 0-0: Ball
1-0: DOUBLE (Line Drive, 78M)
Batting: RHB Adrián López 0-0: Called Strike
0-1: Called Strike
Juan Hernández steals 3rd base
0-2: Ball
1-2: Ball
2-2: SINGLE (Line Drive, 8LS)
Juan Hernández scores
Batting: LHB Robbie Turner 0-0: Ball
1-0: Called Strike
1-1: Called Strike
1-2: Foul Ball, location: 2F
1-2: Strikes out swinging
Batting: RHB Craig Chapman 0-0: Ball
1-0: Ball
2-0: Called Strike
2-1: Fly out, F8 (Line Drive, 8LD)
Batting: RHB Ramiro Santana 0-0: Called Strike
0-1: Foul Ball, location: 2F
0-2: Ball
1-2: Fielders Choice at 2nd, 5-4 (Groundball, 5D)
Top of the 4th over - 1 run(s), 2 hit(s), 0 error(s), 0 left on base; Manhatten 1 - Minnesota 0
BOTTOM OF THE 4TH
Minnesota Death Stars batting - Pitching for Manhatten Meatheads : RHP Tom Cunningham
Batting: RHB Mario Solís 0-0: Called Strike
0-1: Ball
1-1: Swinging Strike
1-2: Ground out 5-3 (Groundball, 56)
Batting: LHB Sergio Luna 0-0: Ball
1-0: SINGLE (Line Drive, 8RS)
Batting: RHB Huub Stolk 0-0: Foul Ball, location: 2F
0-1: Ball
1-1: Ball
2-1: Foul Ball, location: 2F
2-2: Foul Ball, location: 2F
2-2: Foul Ball, location: 2F
2-2: Foul Ball, location: 2F
2-2: Strikes out looking
Sergio Luna is caught stealing 2nd base
Batter strikes out.
Bottom of the 4th over - 0 run(s), 1 hit(s), 0 error(s), 0 left on base; Manhatten 1 - Minnesota 0
TOP OF THE 5TH
Manhatten Meatheads batting - Pitching for Minnesota Death Stars : LHP Wessel Timmermans
Batting: SHB António Ramírez 0-0: Ball
1-0: Called Strike
1-1: Swinging Strike
1-2: Foul Ball, location: 2F
1-2: Ball
2-2: Strikes out swinging
Batting: LHB Miguel Pérez 0-0: Called Strike
0-1: Foul Ball, location: 2F
0-2: Ball
1-2: Strikes out looking
Batting: SHB Cornell Payne 0-0: Ball
1-0: Foul Ball, location: 2F
1-1: Ball
2-1: Ball
3-1: Base on Balls
Batting: RHB Denver Baker 0-0: Ball
1-0: Swinging Strike
1-1: Ball
2-1: Ball
3-1: Foul Ball, location: 2F
3-2: Foul Ball, location: 2F
3-2: Base on Balls
Cornell Payne to second
Batting: LHB Juan Hernández 0-0: Ball
1-0: Ball
Wild Pitch!
Cornell Payne to third
Denver Baker to second
2-0: Ground out 1-3 (Groundball, 13)
Top of the 5th over - 0 run(s), 0 hit(s), 0 error(s), 2 left on base; Manhatten 1 - Minnesota 0
BOTTOM OF THE 5TH
Minnesota Death Stars batting - Pitching for Manhatten Meatheads : RHP Tom Cunningham
Batting: RHB Raúl Flores 0-0: Foul Ball, location: 2F
0-1: Called Strike
0-2: Ball
1-2: Ball
2-2: Ball
3-2: Foul Ball, location: 2F
3-2: Strikes out swinging
Batting: RHB Mike Wagner 0-0: Ball
1-0: Ground out 6-3 (Groundball, 6M)
Batting: RHB Octávio Ramos 0-0: Foul Ball, location: 2F
0-1: Foul Ball, location: 2F
0-2: Foul Ball, location: 2F
0-2: Ball
1-2: Strikes out looking
Bottom of the 5th over - 0 run(s), 0 hit(s), 0 error(s), 0 left on base; Manhatten 1 - Minnesota 0
TOP OF THE 6TH
Manhatten Meatheads batting - Pitching for Minnesota Death Stars : LHP Wessel Timmermans
Batting: RHB Adrián López 0-0: Ground out 6-3 (Groundball, 6D)
Batting: LHB Robbie Turner 0-0: Called Strike
0-1: Ball
1-1: Ball
2-1: Fly out, F6 (Popup, 4M)
Batting: RHB Craig Chapman 0-0: Foul Ball, location: 2F
0-1: Ball
1-1: Ball
2-1: Called Strike
2-2: Ball
3-2: Base on Balls
Pitching: RHP Roy Jordan
Batting: RHB Ramiro Santana 0-0: Called Strike
0-1: Ball
1-1: Foul Ball, location: 2F
1-2: Ball
2-2: Fielders Choice at 2nd, 4-6 (Groundball, 4)
Top of the 6th over - 0 run(s), 0 hit(s), 0 error(s), 0 left on base; Manhatten 1 - Minnesota 0
BOTTOM OF THE 6TH
Minnesota Death Stars batting - Pitching for Manhatten Meatheads : RHP Tom Cunningham
Batting: LHB Emílio Montoya 0-0: Ball
1-0: Ball
2-0: Swinging Strike
2-1: Foul Ball, location: 2F
2-2: SINGLE (Line Drive, 89S)
Batting: SHB Jason Mason 0-0: Called Strike
0-1: Foul Ball, location: 2F
0-2: Foul Ball, location: 2F
0-2: Ball
1-2: Ball
2-2: Strikes out swinging
Pitching: RHP Will Tyler
Batting: RHB Gabriel Ángel 0-0: Called Strike
0-1: Swinging Strike
0-2: Foul Ball, location: 2F
0-2: Ball
1-2: Foul Ball, location: 2F
1-2: Ball
2-2: Ball
3-2: Fly out, F6 (Popup, 56D)
Batting: RHB Mario Solís 0-0: Ball
1-0: Ball
2-0: Swinging Strike
2-1: Foul Ball, location: 2F
2-2: Strikes out swinging
Bottom of the 6th over - 0 run(s), 1 hit(s), 0 error(s), 1 left on base; Manhatten 1 - Minnesota 0
TOP OF THE 7TH
Manhatten Meatheads batting - Pitching for Minnesota Death Stars : RHP Roy Jordan
Batting: SHB António Ramírez 0-0: Ball
1-0: Ball
2-0: Ball
3-0: Called Strike
3-1: Base on Balls
Batting: LHB Miguel Pérez 0-0: Fly out, F7 (Line Drive, 78M)
Batting: SHB Cornell Payne 0-0: Called Strike
0-1: Ball
1-1: Foul Ball, location: 2F
1-2: Ball
2-2: Foul Ball, location: 2F
2-2: Strikes out swinging
Batting: RHB Denver Baker 0-0: Ball
1-0: Foul Ball, location: 2F
1-1: Foul Ball, location: 2F
1-2: Ball
2-2: Strikes out swinging
Top of the 7th over - 0 run(s), 0 hit(s), 0 error(s), 1 left on base; Manhatten 1 - Minnesota 0
BOTTOM OF THE 7TH
Minnesota Death Stars batting - Pitching for Manhatten Meatheads : RHP Will Tyler
Batting: LHB Sergio Luna 0-0: Ball
1-0: Fly out, F3 (Popup, 3)
Batting: RHB Huub Stolk 0-0: Called Strike
0-1: Ball
1-1: Called Strike
1-2: Fly out, F6 (Line Drive, 6)
Batting: RHB Raúl Flores 0-0: Called Strike
0-1: Foul Ball, location: 2F
0-2: Ball
1-2: Strikes out swinging
Bottom of the 7th over - 0 run(s), 0 hit(s), 0 error(s), 0 left on base; Manhatten 1 - Minnesota 0
TOP OF THE 8TH
Manhatten Meatheads batting - Pitching for Minnesota Death Stars : RHP Roy Jordan
Batting: LHB Juan Hernández 0-0: Swinging Strike
0-1: Ball
1-1: Ball
2-1: DOUBLE (Line Drive, 9LM)
Batting: RHB Adrián López 0-0: Ball
1-0: Called Strike
1-1: Ball
2-1: Ground out 6-3 (Groundball, 6)
Juan Hernández to third
Batting: LHB Robbie Turner 0-0: Called Strike
0-1: Ball
1-1: SINGLE (Groundball, 34D)
Juan Hernández scores
Batting: RHB Craig Chapman 0-0: Ball
Robbie Turner steals 2nd base
1-0: Ball
2-0: SINGLE (Groundball, 56D)
Robbie Turner to third
Runner from 3rd tries for Home, SAFE, no throw
Pitching: RHP Carlos Bojórquez
Batting: RHB Ramiro Santana 0-0: Called Strike
0-1: Ground out 3-1 (Groundball, 34S)
Craig Chapman to second
Batting: SHB António Ramírez 0-0: Ball
1-0: SINGLE (Groundball, 4MD)
Craig Chapman to third
Runner from 3rd tries for Home, SAFE, no throw
Batting: LHB Miguel Pérez 0-0: Ball
1-0: Foul Ball, location: 2F
1-1: SINGLE (Groundball, 4S) (infield hit)
António Ramírez to second
Batting: SHB Cornell Payne 0-0: Ball
1-0: Ball
2-0: Ball
3-0: Base on Balls
António Ramírez to third
Miguel Pérez to second
Batting: RHB Denver Baker 0-0: Ball
1-0: Foul Ball, location: 2F
1-1: Fly out, F9 (Flyball, 9)
Top of the 8th over - 3 run(s), 5 hit(s), 0 error(s), 3 left on base; Manhatten 4 - Minnesota 0
BOTTOM OF THE 8TH
Minnesota Death Stars batting - Pitching for Manhatten Meatheads : RHP Will Tyler
Batting: RHB Mike Wagner 0-0: Called Strike
0-1: Swinging Strike
0-2: Ball
1-2: Strikes out swinging
Batting: RHB Octávio Ramos 0-0: Ground out 6-3 (Groundball, 6)
Batting: LHB Emílio Montoya 0-0: Called Strike
0-1: Foul Ball, location: 2F
0-2: Ball
1-2: Ball
2-2: Foul Ball, location: 2F
2-2: Strikes out swinging
Bottom of the 8th over - 0 run(s), 0 hit(s), 0 error(s), 0 left on base; Manhatten 4 - Minnesota 0
TOP OF THE 9TH
Manhatten Meatheads batting - Pitching for Minnesota Death Stars : RHP Carlos Bojórquez
Pitching: RHP Alfredo Cabral
Batting: LHB Juan Hernández 0-0: Foul Ball, location: 2F
0-1: Called Strike
0-2: Foul Ball, location: 2F
0-2: Foul Ball, location: 2F
0-2: SINGLE (Line Drive, 9S)
Batting: RHB Adrián López 0-0: Ball
Passed Ball!
Juan Hernández to second
1-0: Called Strike
1-1: Swinging Strike
1-2: Ball
2-2: Ball
3-2: Foul Ball, location: 2F
3-2: SINGLE (Line Drive, 7LS)
Juan Hernández to third
Batting: LHB Robbie Turner 0-0: Ball
1-0: Called Strike
1-1: Ball
2-1: Ball
3-1: Base on Balls
Adrián López to second
Batting: RHB Craig Chapman 0-0: Ball
1-0: Called Strike
1-1: Foul Ball, location: 2F
1-2: Strikes out looking
Batting: RHB Ramiro Santana 0-0: Fly out, F8 (Flyball, 89M)
Runner from 3rd tags up, SCORES, no throw
Batting: SHB António Ramírez 0-0: Called Strike
0-1: Foul Ball, location: 2F
0-2: Strikes out swinging
Top of the 9th over - 1 run(s), 2 hit(s), 0 error(s), 2 left on base; Manhatten 5 - Minnesota 0
BOTTOM OF THE 9TH
Minnesota Death Stars batting - Pitching for Manhatten Meatheads : RHP Will Tyler
Pitching: LHP Aaron Gibbs
Now at C: Hidalgo García
Now in CF: José Esparza
Batting: SHB Jason Mason 0-0: Ball
1-0: Ball
2-0: SINGLE (Line Drive, 89M)
Batting: RHB Gabriel Ángel 0-0: Called Strike
0-1: Foul Ball, location: 2F
0-2: Strikes out swinging
Batting: RHB Mario Solís 0-0: Called Strike
0-1: Fly out, F7 (Line Drive, 7)
Batting: LHB Sergio Luna 0-0: Foul Ball, location: 2F
0-1: Swinging Strike
0-2: Ball
1-2: Strikes out looking
Bottom of the 9th over - 0 run(s), 1 hit(s), 0 error(s), 1 left on base; Manhatten 5 - Minnesota 0
Thursday, March 30th, 2017 - OOTP Baseball 17.12 Build 75